 Dungeon Crawl Stone Soup version 0.30-a0-135-g630cfc4551 (webtiles) character file.

Game seed: 6236943064431738370

474 ragingrage the Skirmisher (level 7, -12/51 HPs)
             Began as a Barachi Hunter on Sept 20, 2022.
             Mangled by a gnoll
             ... wielding a +0 halberd
             ... led by a gnoll bouda
              (15 damage)
             ... on level 4 of the Dungeon.
             The game lasted 00:03:48 (4639 turns).

ragingrage the Skirmisher (Barachi Hunter)          Turns: 4639, Time: 00:03:48

Health: -12/51     AC:  3    Str: 13    XL:     7   Next: 10%
Magic:  7/7        EV:  6    Int:  9    God:
Gold:   185        SH:  0    Dex: 17    Spells: 6/6 levels left

rFire   + . .      SeeInvis .    a - +0 shortbow
rCold   + . .      Faith    .    (shield currently unavailable)
rNeg    . . .      Spirit   .    c - +0 leather armour
rPois   +          Reflect  .    (no helmet)
rElec   +          Harm     .    (no cloak)
rCorr   +          Rampage  .    (no gloves)
Will    .....                    (no boots)
Stlth   ++........               (no amulet)
HPRegen 0.17/turn                (no ring)
MPRegen 0.10/turn                (no ring)

@: resistant, weakened, held, slow
A: amphibious, slowness 1, strong legs 1, +LOS
a: Hop


You were on level 4 of the Dungeon.
You visited 1 branch of the dungeon, and saw 4 of its levels.

You collected 185 gold pieces.

Inventory:

Hand Weapons
 a - a +0 shortbow (weapon)
 l - a +0 whip of venom
 o - a +2 war axe of electrocution
Missiles
 k - 4 poisoned darts
Armour
 c - a +0 leather armour (worn)
Jewellery
 g - a ring of fire
Wands
 h - a wand of roots (8)
 q - a wand of polymorph (3)
Scrolls
 b - a scroll of immolation
 d - 2 scrolls of identify {unknown}
 e - a scroll of teleportation {unknown}
 f - 2 scrolls of poison {unknown}
 i - a scroll of magic mapping {unknown}
 j - 2 scrolls of blinking {unknown}
 s - a scroll of silence {unknown}
 u - a scroll of enchant weapon {unknown}
Potions
 m - a potion of magic {unknown}
 p - a potion of might {unknown}
 r - a potion of curing {unknown}
 t - a potion of lignification {unknown}


   Skills:
 - Level 2.4 Fighting
 + Level 8.3 Ranged Weapons
 - Level 2.1 Dodging
 - Level 0.8 Stealth


You had 6 spell levels left.
You didn't know any spells.
Your spell library contained the following spells:

 Spells                   Type           Power      Damage    Failure   Level
 Cigotuvi's Dreadful Rot  Necr/Pois/Air  0%         N/A       61%         2
 Poisonous Vapours        Pois/Air       0%         N/A       61%         2


Dungeon Overview and Level Annotations

Branches:
Dungeon (4/15)
 Temple: D:4-7

Altars:


Innate Abilities, Weirdness & Mutations

You are amphibious.
You cover ground slowly.
You can hop short distances.
You have an extended range of vision and can be seen from far away.


Message History

Fire: a) +0 shortbow
Press: ? - help, Q - select action, (/) - cycle Shift-Dir - straight line, f/p - gnoll bouda
Aim: a gnoll bouda, wielding a +0 club and wearing a +0 leather armour (severely wounded, 69% to hit)
You shoot an arrow. The arrow hits the gnoll bouda!
You kill the gnoll bouda!
The gnoll hits you with a +0 club.
Fire: a) +0 shortbow
Press: ? - help, Q - select action, (/) - cycle Shift-Dir - straight line, f - gnoll
Aim: a gnoll, wielding a +0 club (covering ground quickly, 69% to hit)
You shoot an arrow. The arrow hits the gnoll!
The gnoll is severely wounded.
The gnoll hits you from afar with a +0 halberd!
The gnoll hits you with a +0 club.
Fire: a) +0 shortbow
Press: ? - help, Q - select action, (/) - cycle Shift-Dir - straight line, f/p - gnoll
Aim: a gnoll, wielding a +0 club (severely wounded, covering ground quickly, 69% to hit)
You shoot an arrow. The arrow hits the gnoll.
You kill the gnoll!
The gnoll hits you from afar with a +0 halberd!
Fire: a) +0 shortbow
Press: ? - help, Q - select action, (/) - cycle Shift-Dir - straight line, f - gnoll
Aim: a gnoll, wielding a +0 halberd and quivering a throwing net (covering ground quickly, 69% to hit)
You shoot an arrow. The arrow hits the gnoll.
The gnoll is heavily wounded.
The gnoll throws a throwing net.
The throwing net hits you.
You become entangled in the net!
You cannot shoot with your shortbow while held in a net.
Unknown command.
You cannot shoot with your shortbow while held in a net.
Unknown command.
You struggle against the net.
The gnoll hits you from afar with a +0 halberd.
* * * LOW HITPOINT WARNING * * *
You struggle against the net.
The gnoll hits you from afar with a +0 halberd!
* * * LOW HITPOINT WARNING * * *
It was a potion of resistance.
You feel protected.
The gnoll hits you from afar with a +0 halberd!
You die...

# ##....#.### ##...# #.........
## ##.......## ##################
.###.........###.................
..###........#.#.....####....#...
###...)........#...### #....#...
.>....##.......#..#######....##..
......###......#..##).......###..
......###.....##.###....#...# ##.
....#..........#@# #....#...# ##
...##..........#)# #...##..## #
...............#g###.####..# ####
...............#..........####...
#...##...................###....[
##..####.^.....#.......####......
.# ##......#....#### #..####.
##.# #......#.#### ##..##... ...#
........#..)### #...#....


You could see a gnoll (swift).

Vanquished Creatures
  A phantom (D:4)
  A necrophage (D:4)
  2 hounds (D:4)
  An orc priest (D:2)
  2 gnoll boudas
  Jessica (D:3)
  A gnoll (D:4)
  7 adders (D:2)
  An ufetubus (D:3)
  A worm (D:2)
  3 dart slugs
  8 orcs
  3 ball pythons
  8 endoplasms
  4 giant cockroaches
  7 hobgoblins
  2 quokkas
  A bat (D:2)
  4 frilled lizards
  10 goblins
  6 kobolds
  3 rats (D:1)
77 creatures vanquished.

Notes
Turn   | Place    | Note
-------+----------+-------------------------------------------
     0 | D:1      | ragingrage the Barachi Hunter began the quest for the Orb.
     0 | D:1      | Reached XP level 1. HP: 17/17 MP: 1/1
   377 | D:1      | Found a faded altar of an unknown god.
   518 | D:1      | Reached XP level 2. HP: 23/23 MP: 2/2
  1192 | D:2      | Reached skill level 5 in Ranged Weapons
  1192 | D:2      | Reached XP level 3. HP: 27/28 MP: 3/3
  1563 | D:2      | Reached XP level 4. HP: 29/34 MP: 4/4
  2207 | D:3      | Reached skill level 6 in Ranged Weapons
  2625 | D:3      | Reached XP level 5. HP: 39/39 MP: 5/5
  2676 | D:3      | Noticed Jessica
  3028 | D:3      | Killed Jessica
  3504 | D:3      | Reached skill level 7 in Ranged Weapons
  3504 | D:3      | Reached XP level 6. HP: 24/46 MP: 6/6
  4023 | D:4      | Reached skill level 8 in Ranged Weapons
  4235 | D:4      | Reached XP level 7. HP: 23/51 MP: 7/7
  4639 | D:4      | Mangled by a gnoll

Illustrated notes

Levels and vault maps discovered:
D:1:      giann_forest_graveyard, layout_basic,
          shapermc_ecumenical_altar_mp_highgroup
D:2:      layout_basic, kennysheep_generic_room_12
D:3:      layout_basic, uniq_jessica
D:4:      minmay_recursive_quarters, layout_cave_pools

Skill      XL: |  1  2  3  4  5  6 |
---------------+-------------------+-----
Ranged Weapons | 5 6 7 8 |  8.3
Fighting       | |  2.4
Dodging        | |  2.1
Stealth        | |  0.8

Action                   |  1- 3 |  4- 6 |  7- 9 || total
-------------------------+-------+-------+-------++-------
 Fire: Shortbow          |    78 |   237 |    11 ||   326
 Abil: Hop               |     2 |     5 |       ||     7
Evoke: Wand              |       |     1 |       ||     1
  Use: Potion            |       |       |     1 ||     1
Armor: Leather armour    |     4 |    30 |       ||    34
Dodge: Dodged            |    19 |    85 |     1 ||   105

Table legend: (Time is in decaauts)
 A = Elapsed time spent in this place.
 B = Non-inter-level travel time spent in this place.
 C = Inter-level travel time spent in this place.
 D = Time resting spent in this place.
 E = Time spent auto-exploring this place.
 F = Levels seen in this place.
 G = Mean time per level.
                   A        B        C        D        E       F      G
               +--------+--------+--------+--------+--------+-----+--------+
         Total |   5142 |   4934 |    208 |   1354 |   2954 |   4 | 1285.5 |
       Dungeon |   5142 |   4934 |    208 |   1354 |   2954 |   4 | 1285.5 |
               +--------+--------+--------+--------+--------+-----+--------+

Top non-repeatable levels by time:
     D:2: 2011 daAuts
     D:1: 1088 daAuts
     D:3: 1024 daAuts
     D:4: 1018 daAuts
